[Event "*** SCC Grand Prix: Titled Tuesday Blitz"]
[Site "Chess.com"]
[Date "2020.08.25"]
[Round "6"]
[White "Mbneu"]
[Black "Grandmaster2B"]
[Result "1-0"]
[WhiteElo "2242"]
[BlackElo "2403"]
[TimeControl "180+1"]
[EndTime "11:08:32 PDT"]
[Termination "Mbneu won by resignation"]

1. d4 Nf6 2. c4 e6 3. Nc3 Bb4 4.
Bg5 h6 5. Bh4 c5 6. d5 b5 7. e3 O-O 8. Nf3 g5 9. Bg3 Ne4 10. Qc2 f5 11. dxe6 dxe6 12. Be5 Nc6 13. cxb5 Nxe5 14. Nxe5 Qa5 15. Rc1 Qxa2 16. Bc4 Qa5 17. O-O Bxc3 18. bxc3 Qc7 19. Nc6 a6 20. Qa2 axb5 21. Bxe6+ Bxe6 22. Qxe6+ Qf7 23. Ne7+ Kg7 24. Qe5+ Kh7 25. f3 Nd2 26. Rfd1 Nc4 27. Qc7 Qg7 28. Rd7 Rf7 29. Rcd1 Re8 30. Nxf5 Rxd7 31. Rxd7 Qxd7 32. Qxd7+ Kg6 33. Qxe8+ Kxf5 34. Qg8 Nxe3 35. Qh7+ Ke5 36. Qxh6 Nd5 37. Qxg5+ Ke6 38. h4 Nxc3 39. h5 b4 40. h6 b3 41. Qe3+ Kd5 42. Qxc3 b2 1-0

[Event "*** SCC Grand Prix: Titled Tuesday Blitz"]
[Site "Chess.com"]
[Date "2020.08.25"]
[Round "6"]
[White "AndreyNeves"]
[Black "kobemagic"]
[Result "0-1"]
[WhiteElo "2192"]
[BlackElo "2413"]
[TimeControl "180+1"]
[EndTime "11:08:32 PDT"]
[Termination "kobemagic won on time"]

1. d4 Nf6 2. c4 c5 3. d5 b5 4. cxb5 a6 5. b6 d6 6. Nc3 g6 7. a4 a5 8. e4 Nbd7 9. Nf3 Bg7 10. Bb5 O-O 11. O-O Nxb6 12. Nd2 Ba6 13. Bxa6 Rxa6 14. Nb5 Qd7 15. Qc2 Rb8 16. Nc3 Raa8 17. b3 Ng4 18. h3 Nf6 19. Bb2 Ne8 20. Nc4 Nxc4 21. bxc4 Rb4 22. Nd1 Bxb2 23. Nxb2 Rab8 24. Nd3 Rb3 25.
f4 Nf6 26. e5 Nh5 27. f5 Ng3 28. e6 fxe6 29. fxe6 Qb7 30. Rf7 Nf5 31. Nf4 Rb2 32.
Qd3 Rb1+ 33. Rxb1 Qxb1+ 34. Qxb1 Rxb1+ 35. Kh2 Rb7 36. g4 Nh6 37. g5 Nxf7 38. exf7+ Kxf7 39. Ne6 Rb4 40. Nd8+ Ke8 41. Nc6 Rxa4 42. Nxa5 Rxa5 0-1

[Event "*** SCC Grand Prix: Titled Tuesday Blitz"]
[Site "Chess.com"]
[Date "2020.08.25"]
[Round "6"]
[White "RodinMihail"]
[Black "markberk"]
[Result "1/2-1/2"]
[WhiteElo "2495"]
[BlackElo "2364"]
[TimeControl "180+1"]
[EndTime "11:08:33 PDT"]
[Termination "Game drawn by repetition"]

1. e4 c6 2. d4 d5 3. e5 c5 4. dxc5 Nc6 5. a3 Nxe5 6. b4 Nf6 7. Bb2 Nc6 8. Nf3 e6 9. Bd3 Be7 10. O-O O-O 11. Nbd2 a5 12. c3 e5 13. Bc2 e4 14.
Nd4 Bg4 15. Qb1 Qc7 16. N2b3 Ne5 17. Nb5 Qd7 18. N3d4 Bf3 19. h3 Bh5 20. a4 Nf3+ 21.
Kh1 Nd2 22. Qe1 Nxf1 23. Qxf1 Rfe8 24. Nb3 axb4 25. cxb4 Rac8 26. a5 Qf5 27. N3d4 Qg6 28. f3 Qh6 29. f4 Bg4 30. Kg1 Bd7 31. Rd1 e3 32. Bd3 Ne4 33. Qf3 Bf6 34. Qxe3 Nc3 35.
Qd2 Nxd1 36. Qxd1 Qxf4 37. Kh1 g6 38. Bc1 Qg3 39. Nf3 Bxh3 40. gxh3 Qxh3+ 41. Kg1 Qg3+ 42.
Kh1 Qh3+ 43. Kg1 Qg3+ 44. Kh1 Qh3+ 1/2-1/2

[Event "*** SCC Grand Prix: Titled Tuesday Blitz"]
[Site "Chess.com"]
[Date "2020.08.25"]
[Round "6"]
[White "Evgeny81"]
[Black "TwentyHoursADay"]
[Result "1-0"]
[WhiteElo "2687"]
[BlackElo "2479"]
[TimeControl "180+1"]
[EndTime "11:08:34 PDT"]
[Termination "Evgeny81 won on time"]

1. Nf3 b6 2. g3 Bb7 3. Bg2 h5 4.
O-O h4 5. Nxh4 Bxg2 6. Nxg2 Qc8 7.
h4 Qb7 8. d3 Nc6 9. e4 O-O-O 10. Nc3 f6 11. a4 g5 12. hxg5 fxg5 13. Bxg5 Bh6 14. Bh4 Rf8 15. d4 Bg7 16. Ne2 Nf6 17. f3 e5 18. d5 Ne7 19. a5 b5 20. Qd3 Ng6 21. Bg5 Rh3 22. a6 Qb8 23. d6 c6 24.
Rfd1 Nh5 25. Kf2 Bf6 26. Bxf6 Nxf6 27. Ke1 Rh2 28. Ne3 Nh5 29. Nf5 Qb6 30. Kd2 Nxg3 31. Nxg3 Nf4 32. Qe3 c5 33. Kc1 Nxe2+ 34. Nxe2 Rg8 35.
Rg1 Rgg2 36. Rxg2 Rxg2 37. b4 Qxd6 38. bxc5 Qe6 39. Qd3 Kc7 40. Kb2 Qc6 41. Nc3 Qxc5 42. Nd5+ Kd8 43. Qc3 1-0

[Event "*** SCC Grand Prix: Titled Tuesday Blitz"]
[Site "Chess.com"]
[Date "2020.08.25"]
[Round "6"]
[White "Phenix2k"]
[Black "ErikBlomqvist"]
[Result "1-0"]
[WhiteElo "2139"]
[BlackElo "2499"]
[TimeControl "180+1"]
[EndTime "11:08:34 PDT"]
[Termination "Phenix2k won on time"]

1. d4 Nf6 2. c4 e6 3. g3 Bb4+ 4. Bd2 a5 5. Bg2 d5 6. Nf3 O-O 7. O-O Be7 8. Bf4 c6 9. Qc2 Nbd7 10. Nbd2 Nh5 11. Be3 Nhf6 12. Bf4 Nh5 13. Be3 f5 14.
Rfd1 Bd6 15. Nf1 Qe7 16. Rab1 f4 17. Bc1 g5 18. e4 g4 19. Nh4 f3 20. Bh1 Qg7 21.
cxd5 cxd5 22. exd5 exd5 23. Nf5 Qg6 24. N1e3 Nb6 25. Nxd6 Qxd6 26. Qc5 Rd8 27. b4 axb4 28. Rxb4 Ra6 29. h3 Nf6 30. Qxd6 Rxd6 31. hxg4 Nxg4 32.
Bxf3 Nxe3 33. Bxe3 Rxa2 34. Rc1 Be6 35. Rcb1 Nc4 36.
Bf4 Rd7 37. Rxb7 Rxb7 38. Rxb7 Bf7 39. Bh6 Ra1+ 40. Kg2 Ra8 41. Rxf7 Ne3+ 42. Bxe3 1-0

[Event "*** SCC Grand Prix: Titled Tuesday Blitz"]
[Site "Chess.com"]
[Date "2020.08.25"]
[Round "6"]
[White "Schack-Hugo"]
[Black "zmarian"]
[Result "1-0"]
[WhiteElo "2293"]
[BlackElo "2165"]
[TimeControl "180+1"]
[EndTime "11:08:34 PDT"]
[Termination "Schack-Hugo won by resignation"]

1. d4 g6 2. Nf3 Bg7 3. g3 c5 4. c3 Nf6 5. Bg2 O-O 6. O-O Qc7 7. e3 b6 8. b3 Bb7 9. Bb2 d5 10. Ne5 Nbd7 11. f4 e6 12. Nd2 Rac8 13. Rc1 Qb8 14. g4 cxd4 15. exd4 Qd6 16. g5 Ne8 17. Ndf3 f6 18.
gxf6 Nexf6 19. Ng5 Rce8 20. Qd3 Nb8 21. Rf2 Nc6 22. Rcf1 Bc8 23. Bh3 Ne7 24. a4 Nf5 25. Bxf5 exf5 26. Ra1 Ne4 27. Ba3 Nxf2 28. Kxf2 Qc7 29.
Bxf8 Rxf8 30. Rg1 Bf6 31. Qh3 Qg7 32. Nxh7 Bxe5 33. Nxf8 Bxd4+ 34. cxd4 Qxd4+ 35. Qe3 Qxe3+ 36. Kxe3 Kxf8 37. Rxg6 Kf7 38. Rd6 Be6 39. Kd4 Ke7 40.
Rc6 Kd7 41. Rc1 a5 42. Rb1 Kd6 43. b4 axb4 44. Rxb4 Kc6 45. h4 Bf7 46. Rb1 Bh5 47. Re1 Be8 48. Rxe8 1-0

[Event "*** SCC Grand Prix: Titled Tuesday Blitz"]
[Site "Chess.com"]
[Date "2020.08.25"]
[Round "6"]
[White "Carnivoras"]
[Black "Siemba"]
[Result "1-0"]
[WhiteElo "2663"]
[BlackElo "2473"]
[TimeControl "180+1"]
[EndTime "11:08:35 PDT"]
[Termination "Carnivoras won on time"]

1. d4 d5 2. c4 c5 3. dxc5 Nf6 4. cxd5 e6 5. dxe6 Qxd1+ 6. Kxd1 Bxe6 7. Nc3 Bxc5 8. e3 Nc6 9. Bb5 O-O-O+ 10. Ke2 Ne5 11.
Nf3 Nc4 12. b3 Nd6 13. Bd3 Kb8 14. Bb2 h6 15. Rhc1 Bb6 16. Na4 Ba5 17. Bxf6 gxf6 18. Nd4 Bc8 19. a3 h5 20. b4 Bc7 21. Nc3 Be6 22. g3 h4 23. Rc2 Bg4+ 24. Kd2 hxg3 25. hxg3 Rh2 26. Kc1 Bb6 27. Kb2 Bxd4 28. exd4 Be6 29.
d5 Bf5 30. Bxf5 Nxf5 31. Rd1 Nd6 32. Kb3 Rc8 33. Rd3 f5 34. Rf3 a6 35. Nd1 Rxc2 36.
Kxc2 Kc7 37. Kd3 Kd7 38. Ne3 Rh5 39. Kd4 Ke7 40. Rf4 Rg5 41. Ke5 f6+ 42. Kd4 Kd7 43. Rh4 Kc7 44. Ng2 1-0

[Event "*** SCC Grand Prix: Titled Tuesday Blitz"]
[Site "Chess.com"]
[Date "2020.08.25"]
[Round "6"]
[White "26andrej26"]
[Black "elohunter1999"]
[Result "0-1"]
[WhiteElo "2599"]
[BlackElo "2462"]
[TimeControl "180+1"]
[EndTime "11:08:36 PDT"]
[Termination "elohunter1999 won by checkmate"]

1. e4 e5 2. Nf3 Nc6 3. Bb5 a6 4. Ba4 Nf6 5. O-O Nxe4 6. d4 b5 7. Bb3 d5 8. dxe5 Be6 9. Nbd2 Be7 10. c3 Nc5 11. Bc2 d4 12. Nb3 d3 13. Bb1 Nxb3 14.
axb3 Bf5 15. Re1 O-O 16. Re3 Bc5 17. Re1 Qd7 18. b4 Bb6 19. Be3 Bxe3 20. Rxe3 Rfd8 21. Qd2 a5 22. bxa5 Rxa5 23. Ra2 h6 24. b4 Rxa2 25. Bxa2 Ra8 26. h3 Rd8 27. g4 Bg6 28. e6 Qd6 29.
Nh4 Ne7 30. c4 bxc4 31. Bxc4 Nd5 32. Nxg6 Nxe3 33. exf7+ Kh7 34. f8=N+ Rxf8 35. Nxf8+ Kh8 36. fxe3 Qg3+ 37. Kf1 Qf3+ 38. Ke1 Qh1+ 39. Kf2 Qh2+ 40.
Ke1 Qg1# 0-1

[Event "*** SCC Grand Prix: Titled Tuesday Blitz"]
[Site "Chess.com"]
[Date "2020.08.25"]
[Round "6"]
[White "Ginger_GM"]
[Black "Kassimov_B"]
[Result "0-1"]
[WhiteElo "2558"]
[BlackElo "2439"]
[TimeControl "180+1"]
[EndTime "11:08:36 PDT"]
[Termination "Kassimov_B won by resignation"]

1. f4 e6 2. Nf3 b6 3. e4 Bb7 4. d3 d5 5. e5 Nh6 6. d4 Nf5 7. Bd3 c5 8. c3 Qd7 9. Bxf5 exf5 10.
O-O Nc6 11. a3 Nd8 12. Be3 Ne6 13. b4 cxb4 14. axb4 Be7 15. Qd3 g6 16. Nbd2 O-O 17.
h3 a5 18. b5 Rac8 19. Kh2 Rc7 20.
g4 Ng7 21. Rg1 Bc8 22. Bf2 Qe8 23. Nf1 Bd7 24. Rb1 Qc8 25. Be1 fxg4 26. hxg4 Bxg4 27. Rb2 a4 28. Ng5 Bf5 29. Qg3 Nh5 30. Qh4 h6 31.
Ng3 hxg5 32. fxg5 Kg7 33. Rf2 Rh8 34. Rxf5 gxf5 35. Nxh5+ Rxh5 36. Qxh5 Qh8 37. Qxh8+ Kxh8 38. g6 Kg7 39. gxf7+ Kxf7 40. Rg2 a3 41. Ra2 Ke6 42. Kg2 Rc8 43. Kf3 Rh8 44. Bg3 Rh1 45. Bf4 Rb1 46.
Ke3 Rxb5 47. Kd3 Rb1 48. Kc2 Rf1 49. Bd2 Rf2 50. Ra1 Bg5 0-1

[Event "*** SCC Grand Prix: Titled Tuesday Blitz"]
[Site "Chess.com"]
[Date "2020.08.25"]
[Round "6"]
[White "lider34"]
[Black "ZenBull"]
[Result "1-0"]
[WhiteElo "2399"]
[BlackElo "2139"]
[TimeControl "180+1"]
[EndTime "11:08:36 PDT"]
[Termination "lider34 won by resignation"]

1. e4 c5 2. c3 Nf6 3. e5 Nd5 4. d4 cxd4 5. Nf3 e6 6. cxd4 b6 7. Nc3 Nxc3 8. bxc3 Qc7 9. Bd2 Bb7 10. Bd3 d6 11. O-O Nd7 12. exd6 Bxd6 13. Re1 h6 14. h3 O-O 15. Qe2 Rac8 16. c4 Rfd8 17. Rad1 Nf6 18.
Rc1 Bf4 19. Be3 Bxe3 20. fxe3 Bxf3 21. Qxf3 e5 22. d5 Qc5 23. Kh1 Nd7 24. Rf1 Qe7 25. Qf5 Nf8 26. Rc2 Re8 27. Rcf2 Rc7 28. Qh5 Qg5 29. Qe2 e4 30. Bc2 Ng6 31. Rf5 Qg3 32. Ba4 Rd8 33. Bb5 Re7 34. a4 Rd6 35. a5 Nh4 36.
R5f4 Rg6 37. Rg4 Rxg4 38. Qxg4 Qxg4 39. hxg4 Ng6 40. axb6 axb6 41. d6 Re6 42. d7 Rd6 43. Ra1 Ne5 44. Ra8+ Kh7 45. d8=Q 1-0

[Event "*** SCC Grand Prix: Titled Tuesday Blitz"]
[Site "Chess.com"]
[Date "2020.08.25"]
[Round "6"]
[White "StephenDedalus83"]
[Black "Bodnar_Mykola"]
[Result "1-0"]
[WhiteElo "2738"]
[BlackElo "2499"]
[TimeControl "180+1"]
[EndTime "11:08:37 PDT"]
[Termination "StephenDedalus83 won by resignation"]

1. e4 e5 2. Nf3 Nc6 3. Bb5 g6 4. c3 a6 5. Ba4 b5 6. Bc2 Bg7 7. d4 exd4 8. cxd4 d5 9. exd5 Nce7 10. O-O Nf6 11. Nc3 O-O 12. Bg5 Nexd5 13. Qd2 Bb7 14. Ne4 Nxe4 15. Bxe4 Qc8 16. Rac1 Qg4 17. Rfe1 Rae8 18. h3 Qh5 19. Rc5 h6 20. Bxd5 Rxe1+ 21. Qxe1 Bxd5 22. Rxd5 hxg5 23. Rxg5 Qh8 24. Qe4 Bf6 25. Rc5 Rd8 26. Rxc7 Bxd4 27. Nxd4 Qxd4 28. Qxd4 Rxd4 29. Ra7 Rd2 30. Rxa6 Rxb2 31. g4 b4 32. Kg2 g5 33. Kg3 Kg7 34. f4 b3 35. fxg5 bxa2 36. Kh4 Rc2 37. Kh5 Rh2 38. Kh4 Rb2 39. Ra3 Kh7 40. Kh5 Kg7 41. Ra7 Rh2 42. h4 Kg8 43. g6 fxg6+ 44. Kxg6 Kf8 45. h5 Rg2 46. g5 Rb2 47.
Kh6 Rb6+ 48. g6 Ke8 49. Rxa2 1-0

[Event "*** SCC Grand Prix: Titled Tuesday Blitz"]
[Site "Chess.com"]
[Date "2020.08.25"]
[Round "6"]
[White "blitzking1729"]
[Black "GianmarcoVaR"]
[Result "1-0"]
[WhiteElo "2668"]
[BlackElo "2476"]
[TimeControl "180+1"]
[EndTime "11:08:38 PDT"]
[Termination "blitzking1729 won by resignation"]

1. d4 Nf6 2. Bg5 Ne4 3. Bf4 d5 4. f3 Nf6 5. e4 c5 6. dxc5 Nc6 7. Nc3 d4 8. Na4 e5 9. Bd2 Nxe4 10. fxe4 Qh4+ 11.
Ke2 Qxe4+ 12. Kf2 Be7 13. Nf3 Bg4 14. Bd3 Qd5 15. Re1 f5 16. h3 Bxf3 17. Qxf3 e4 18.
Qh5+ g6 19. Bxe4 Qd7 20. Bxc6 bxc6 21. Qe2 Kf7 22. Qc4+ Kg7 23. Qe6 Qxe6 24. Rxe6 Rhe8 25. Rae1 Kf7 26. g3 Rac8 27. b3 a6 28. Kg2 Rcd8 29. Rxc6 d3 30. c4 Rd4 31. Rc7 Re4 32. Rxe4 fxe4 33.
Nc3 Ke6 34. Nxe4 Bd8 35. Rxh7 Kf5 36. Nd6+ Ke5 37. Nxe8 1-0

[Event "*** SCC Grand Prix: Titled Tuesday Blitz"]
[Site "Chess.com"]
[Date "2020.08.25"]
[Round "6"]
[White "Lenyas66"]
[Black "seorobert1971"]
[Result "0-1"]
[WhiteElo "2460"]
[BlackElo "2641"]
[TimeControl "180+1"]
[EndTime "11:08:39 PDT"]
[Termination "seorobert1971 won by resignation"]

1. e4 e5 2. Nf3 Nc6 3. Bb5 a6 4. Ba4 Nf6 5. O-O Be7 6. Bxc6 dxc6 7. d3 Nd7 8. Be3 O-O 9. Nbd2 c5 10. Nc4 f6 11. c3 Nb8 12. d4 b5 13. Na5 cxd4 14.
cxd4 exd4 15. Nxd4 Kh8 16. Rc1 Bd6 17. a3 Qe8 18. Qf3 Qe5 19. g3 c5 20. Nf5 Bxf5 21.
exf5 Nd7 22. Rfd1 Bc7 23. Nc6 Qe8 24. Qd5 Nb6 25. Qxc5 Nc4 26. Re1 Bb6 27. Qd5 Bxe3 28. fxe3 Rc8 29. Nd4 Nxb2 30. Ne6 Rg8 31. Rxc8 Qxc8 32.
Kg2 Qc2+ 33. Kh3 Nd3 34. Rf1 Qe2 35. Ra1 Nf2+ 36. Kg2 Ng4+ 37. Kh3 Nxe3 38. Qe4 Qh5+ 0-1

[Event "*** SCC Grand Prix: Titled Tuesday Blitz"]
[Site "Chess.com"]
[Date "2020.08.25"]
[Round "6"]
[White "dosto07"]
[Black "pirulillo"]
[Result "1/2-1/2"]
[WhiteElo "2318"]
[BlackElo "2178"]
[TimeControl "180+1"]
[EndTime "11:08:39 PDT"]
[Termination "Game drawn by repetition"]

1. d4 Nf6 2. Nf3 g6 3. Bf4 Bg7 4. Nc3 d6 5. h3 b6 6. e4 Bb7 7.
Bd3 c5 8. d5 O-O 9. O-O a6 10.
a4 Nbd7 11. Re1 Nh5 12. Bg5 h6 13. Bh4 g5 14. Bg3 Nxg3 15. fxg3 Ne5 16. Be2 Nxf3+ 17. Bxf3 Be5 18. g4 c4 19. Qd2 b5 20. axb5 axb5 21.
Ne2 Qb6+ 22. Kh1 Rxa1 23. Rxa1 Ra8 24. Rxa8+ Bxa8 25. c3 Qf2 26. Qd1 e6 27. Qg1 Qh4 28. Nd4 Bxd4 29. Qxd4 Qg3 30. Qa7 Qe1+ 31. Kh2 Qc1 32.
Qxa8+ Kg7 33. Qa7 e5 34. Qb6 Qf4+ 35. Kg1 Qc1+ 36. Kh2 Qf4+ 37. Kh1 Qc1+ 38. Qg1 Qxb2 39. Qe1 b4 40. cxb4 c3 41. Bd1 c2 42. Bxc2 Qxc2 43. b5 Qb2 44. Qa5 Qc1+ 45. Kh2 Qf4+ 46. Kg1 Qc1+ 47. Kf2 Qf4+ 48. Kg1 Qc1+ 49. Kh2 Qf4+ 50.
Kg1 1/2-1/2

[Event "*** SCC Grand Prix: Titled Tuesday Blitz"]
[Site "Chess.com"]
[Date "2020.08.25"]
[Round "6"]
[White "bazar-wokzal"]
[Black "vinniethepooh"]
[Result "0-1"]
[WhiteElo "2476"]
[BlackElo "2664"]
[TimeControl "180+1"]
[EndTime "11:08:40 PDT"]
[Termination "vinniethepooh won on time"]

1. e4 c5 2. c3 d5 3. exd5 Qxd5 4. d4 Nf6 5. Nf3 e6 6. a3 Nc6 7.
Be3 cxd4 8. cxd4 Be7 9. Nc3 Qd6 10. Qc2 O-O 11. Bd3 h6 12. Rc1 Nd5 13. Ne4 Qc7 14.
O-O Bd7 15. b4 a6 16. Qd2 f5 17. Bxh6 fxe4 18. Bxe4 gxh6 19. Qxh6 Rf7 20. Ne5 Rg7 21. Ng6 Bf6 22. Qh8+ Kf7 23. Qxa8 Rg8 24. Rxc6 Bxc6 25. Qa7 Nf4 26. Bxc6 Ne2+ 27. Kh1 Qxc6 28. d5 Qxd5 29.
Qe3 Rxg6 30. f3 Ng3+ 31. hxg3 Bd4 32. Qf4+ Kg7 33. Qc7+ Kh8 34. Qb8+ Kh7 35. Qc7+ Bg7 0-1

[Event "*** SCC Grand Prix: Titled Tuesday Blitz"]
[Site "Chess.com"]
[Date "2020.08.25"]
[Round "6"]
[White "annacramling"]
[Black "VladimirBugayev"]
[Result "0-1"]
[WhiteElo "2133"]
[BlackElo "2292"]
[TimeControl "180+1"]
[EndTime "11:08:40 PDT"]
[Termination "VladimirBugayev won by checkmate"]

1. d4 d5 2. c4 c6 3. Nf3 Nf6 4. Nc3 e6 5. e3 Nbd7 6. Bd3 dxc4 7. Bxc4 Bd6 8. O-O b5 9. Bd3 O-O 10. e4 e5 11. dxe5 Nxe5 12. Nxe5 Bxe5 13. Be3 Ng4 14.
g3 Nxe3 15. fxe3 Qb6 16. Qe2 Bg4 17. Qf2 Rad8 18. Bc2 Rd6 19. Rae1 Bh3 20. Qe2 Bxf1 21. Rxf1 f6 22. Bb3+ Kh8 23. Qh5 Qxe3+ 24. Kh1 Bxc3 25.
bxc3 Qxe4+ 26. Kg1 Rd2 27. Qf3 Qxf3 28. Rxf3 Re8 29.
Rf2 Ree2 30. Rxe2 Rxe2 31. h3 g6 32. Kf1 Re3 33. Kf2 Rxc3 34. h4 Kg7 35. g4 f5 36.
gxf5 gxf5 37. h5 Rxb3 38. axb3 c5 39. Ke3 Kf6 40. Kf4 a5 41. Ke3 Ke5 42. h6 f4+ 43.
Kf3 a4 44. bxa4 bxa4 45. Ke2 a3 46. Kd3 a2 47. Kc2 a1=Q 48. Kd2 Qa2+ 49. Kc3 Qa3+ 50. Kc4 Qb4+ 51. Kd3 c4+ 52. Kc2 Qb3+ 53. Kd2 Qd3+ 54. Kc1 Qe2 55. Kb1 c3 56. Kc1 Qd2+ 57. Kb1 Qb2# 0-1

[Event "*** SCC Grand Prix: Titled Tuesday Blitz"]
[Site "Chess.com"]
[Date "2020.08.25"]
[Round "6"]
[White "bsnsun"]
[Black "paulrusan"]
[Result "0-1"]
[WhiteElo "2398"]
[BlackElo "2213"]
[TimeControl "180+1"]
[EndTime "11:08:41 PDT"]
[Termination "paulrusan won on time"]

1. d4 Nf6 2. c4 g6 3. Nf3 Bg7 4. g3 O-O 5. Bg2 d6 6. O-O c6 7.
Nc3 Bf5 8. Nh4 Be6 9. d5 cxd5 10. cxd5 Bc8 11. e4 Nbd7 12. Nf3 Nc5 13. Nd4 a6 14. h3 h5 15. b4 Ncd7 16. Be3 a5 17. a3 h4 18. g4 Nh7 19. f4 Qc7 20. Ncb5 Qb8 21.
bxa5 Rxa5 22. Qe1 Rxb5 23. Nxb5 Bxa1 24. Qxa1 Nc5 25. Qe1 Bd7 26. Nd4 Nf6 27. Bd2 Qa7 28. g5 Nh5 29. Be3 Qxa3 30. Rf3 Ng3 31. Bf2 Qb2 32.
e5 Nce4 33. e6 fxe6 34. dxe6 Nxf2 35. Qxf2 Qa1+ 36. Kh2 Bc6 37. Nxc6 bxc6 38. Re3 Qd4 0-1

[Event "*** SCC Grand Prix: Titled Tuesday Blitz"]
[Site "Chess.com"]
[Date "2020.08.25"]
[Round "6"]
[White "WiktoriaPOL"]
[Black "juancruzarias"]
[Result "0-1"]
[WhiteElo "1926"]
[BlackElo "2361"]
[TimeControl "180+1"]
[EndTime "11:08:42 PDT"]
[Termination "juancruzarias won by checkmate"]

1. c4 e5 2. Nc3 Nc6 3. Nf3 Bb4 4. Nd5 Bc5 5. a3 a5 6. Nxe5 Bxf2+ 7. Kxf2 Nxe5 8. e3 Nxc4 9. Bxc4 Qh4+ 10. g3 Qxc4 11. Qf3 Ne7 12. Nxe7 Kxe7 13. Rf1 Ra6 14. d3 Qxd3 15. Rd1 Qc2+ 16. Rd2 Qg6 17. Kg2 d6 18. b3 Bd7 19. Kg1 Bc6 20. Qf4 Qe4 21.
Qxe4+ Bxe4 22. Bb2 f6 23. Rc1 c5 24. Rcd1 Rd8 25.
Bc3 a4 26. b4 b6 27. b5 Raa8 28. Kf2 d5 29. g4 Ke6 30. Kg3 Rh8 31. h3 h5 32. Bb2 h4+ 33. Kf2 Rhc8 34. Bc3 Rc7 35. Rc1 Rf8 36. Kg1 f5 37. Rf1 Rcf7 38. g5 f4 39. exf4 Rxf4 40. Rxf4 Rxf4 41. Bxg7 Kf5 42. Bf6 d4 43. Kh2 Rf1 44. Re2 Rh1# 0-1

[Event "*** SCC Grand Prix: Titled Tuesday Blitz"]
[Site "Chess.com"]
[Date "2020.08.25"]
[Round "6"]
[White "fianchettoer"]
[Black "PawnEatingZombie"]
[Result "1-0"]
[WhiteElo "2429"]
[BlackElo "2231"]
[TimeControl "180+1"]
[EndTime "11:08:44 PDT"]
[Termination "fianchettoer won by resignation"]

1. Nf3 d5 2. e3 e6 3. c4 Nf6 4. Nc3 Bd6 5. b3 b6 6. Bb2 Bb7 7. g3 dxc4 8. bxc4 O-O 9. Bg2 Nbd7 10. O-O c5 11. d3 a6 12. Qe2 Qc7 13. Rad1 Rfd8 14.
Ne1 Bf8 15. f4 Bxg2 16. Nxg2 g6 17. g4 Bg7 18. g5 Ne8 19. h4 b5 20. cxb5 axb5 21.
Nxb5 Qa5 22. Bxg7 Nxg7 23. d4 cxd4 24. Nxd4 Qa6 25. Rd2 Qxe2 26. Nxe2 Nc5 27. Rfd1 Rdb8 28. Nc3 h6 29. Rb1 hxg5 30. Rxb8+ Rxb8 31. hxg5 Ra8 32. Rc2 Nf5 33. Kf2 Ra3 34. Nb5 Ne4+ 35. Kf3 Ra5 36.
Kxe4 Rxb5 37. Kf3 Ra5 38. Rb2 Ra3 39. Ke2 Kg7 40. Kd2 Kf8 41. e4 Rg3 42. exf5 Rxg2+ 43. Kc3 Rxb2 44. Kxb2 gxf5 45. Kc3 Ke7 46. Kd4 Kd6 47.
a3 e5+ 48. fxe5+ Ke6 49. a4 1-0

[Event "*** SCC Grand Prix: Titled Tuesday Blitz"]
[Site "Chess.com"]
[Date "2020.08.25"]
[Round "6"]
[White "dbrankovic68"]
[Black "BakaPG"]
[Result "0-1"]
[WhiteElo "2492"]
[BlackElo "2684"]
[TimeControl "180+1"]
[EndTime "11:08:45 PDT"]
[Termination "BakaPG won on time"]

1. e4 e6 2. d3 d5 3. Nd2 Nf6 4. Ngf3 Bc5 5. h3 O-O 6. g3 a5 7. Bg2 a4 8. O-O a3 9. bxa3 Bxa3 10. Bxa3 Rxa3 11. Qc1 Ra8 12. Qb2 c5 13. exd5 exd5 14. Rfe1 Nc6 15. Ne5 Nxe5 16. Rxe5 Qc7 17. c4 dxc4 18.
dxc4 Rd8 19. Rae1 h6 20. Nb1 Be6 21. Qb5 Ra5 22. Qb3 b5 23. Rxe6 fxe6 24. cxb5 c4 25. Qe3 Rxb5 26. Nc3 Rb6 27. g4 Rd3 28. Qc1 Ra6 29.
Ne4 Nxe4 30. Rxe4 c3 31. Bf1 Rad6 32. Bxd3 Rxd3 33. Re3 Rxe3 34. Qxe3 Qc4 35. Qc1 c2 36. a3 Qd3 37. Kg2 Qd5+ 38. Kg3 Qd1 39. Qe3 c1=Q 0-1

[Event "*** SCC Grand Prix: Titled Tuesday Blitz"]
[Site "Chess.com"]
[Date "2020.08.25"]
[Round "6"]
[White "TST2014"]
[Black "Chessdemon2019"]
[Result "0-1"]
[WhiteElo "2487"]
[BlackElo "2371"]
[TimeControl "180+1"]
[EndTime "11:08:45 PDT"]
[Termination "Chessdemon2019 won on time"]

1. d4 Nf6 2. c4 e6 3. Nf3 b6 4. a3 Bb7 5. Nc3 d6 6. d5 e5 7. e4 Be7 8. b4 a5 9. Rb1 axb4 10.
axb4 O-O 11. Bd3 h6 12. O-O Nbd7 13. Qe2 Kh7 14. Nh4 g6 15. Qe3 Ng4 16. Qg3 Bxh4 17.
Qxg4 Be7 18. Qh3 h5 19. Be2 Nf6 20. f4 Bc8 21. f5 Kg7 22. Qe3 Rh8 23. Bd2 Bd7 24. Rf2 Ra3 25. Rbf1 Rb3 26. b5 Rb2 27.
Bc1 Rb3 28. fxg6 fxg6 29. Bd1 Ng4 30. Rf7+ Kg8 31. Bxg4 hxg4 32. Qd3 Be8 33. R7f2 Bg5 34. Qc2 Rb4 35. Na2 Bxc1 36. Rxc1 g3 37. h3 gxf2+ 38. Kf1 Rxb5 39. cxb5 Bxb5+ 40. Kxf2 Qf6+ 41. Kg1 Rh4 42. Qc6 Bxc6 43. Rxc6 Rxe4 44. Rxc7 Re1+ 45. Kh2 Qf4+ 0-1

[Event "*** SCC Grand Prix: Titled Tuesday Blitz"]
[Site "Chess.com"]
[Date "2020.08.25"]
[Round "6"]
[White "Revnov"]
[Black "Brave_spirit12"]
[Result "1-0"]
[WhiteElo "2704"]
[BlackElo "2540"]
[TimeControl "180+1"]
[EndTime "11:08:46 PDT"]
[Termination "Revnov won by resignation"]

1. e4 e6 2. Qe2 Ne7 3. Nf3 d5 4. d3 Nbc6 5. g3 g6 6. Bg2 Bg7 7. O-O O-O 8. Nbd2 h5 9. e5 b6 10. Re1 Nb4 11. Nf1 c5 12. Bg5 Ba6 13. a3 Nbc6 14. Qd2 Kh7 15. h3 Nd4 16. N1h2 Qc7 17. g4 hxg4 18. hxg4 Rh8 19. Nxd4 cxd4 20. Nf3 Nc6 21.
Qf4 Kg8 22. Re2 Rc8 23. Rae1 Bb5 24. Nxd4 Nxd4 25. Qxd4 Bf8 26. Qf4 Be7 27. a4 Bxg5 28.
Qxg5 Bxa4 29. b3 Be8 30. c4 Qd8 31. Qxd8 Rxd8 32. cxd5 exd5 33. d4 Bd7 34. f3 Kg7 35. b4 Rc8 36. Ra1 Bb5 37. Rd2 a6 38. f4 Rhd8 39. f5 Rc4 40. Rb1 Rc3 41. Kf2 Bc4 42. f6+ Kh6 43. Rh1+ Kg5 44. Rh7 Rf8 45. Bf3 Kf4 46. Bd1 g5 47. Rh1 Bd3 48. Rh3 Ke4 49. Re3+ Kxd4 50. Be2 Rfc8 51. Rdxd3+ Rxd3 52. Bxd3 Rc3 53.
e6 fxe6 54. f7 Rc8 55. Rxe6 Rf8 56. Bg6 Kc4 57. Re8 Rxf7+ 58. Bxf7 Kxb4 59. Bxd5 a5 60. Re5 b5 61. Bc6 1-0

[Event "*** SCC Grand Prix: Titled Tuesday Blitz"]
[Site "Chess.com"]
[Date "2020.08.25"]
[Round "6"]
[White "Unkreativ3"]
[Black "BogdanDeac"]
[Result "1/2-1/2"]
[WhiteElo "2536"]
[BlackElo "2823"]
[TimeControl "180+1"]
[EndTime "11:08:46 PDT"]
[Termination "Game drawn by agreement"]

1. d4 Nf6 2. c4 e6 3. Nc3 Bb4 4.
Nf3 d5 5. Bg5 h6 6. Bxf6 Qxf6 7.
e3 O-O 8. Rc1 dxc4 9. Bxc4 c5 10. O-O cxd4 11. Qxd4 Qe7 12. Rfd1 Bc5 13. Qe4 Nd7 14.
Ne5 Nf6 15. Qf3 Bd6 16. Ng4 Nxg4 17. Qxg4 Be5 18. a3 Bd7 19. Qe4 Bxc3 20. Rxc3 Bc6 21. Qe5 Rfd8 22. Rcd3 Rxd3 23. Rxd3 Rd8 24. h3 a6 25. b4 g6 26. Qf4 Rxd3 27. Bxd3 Qd8 28. Be4 g5 29. Qe5 Bxe4 30. Qxe4 Qd1+ 31. Kh2 Qd6+ 32. g3 b5 33. h4 Kg7 34. hxg5 hxg5 35.
Kg2 Qc7 36. Qd4+ Kg6 37. Qe4+ Kf6 38. f4 g4 39. Kf2 Qc3 40. Qd4+ Qxd4 41. exd4 Ke7 42.
Ke3 Kd6 43. Ke4 f5+ 44. Ke3 Kc6 45. Kd2 Kb6 46. Kc3 a5 47. Kd2 axb4 48. axb4 Kc6 49. Ke3 Kd6 50. Ke2 Kd5 51. Kd3 1/2-1/2

[Event "*** SCC Grand Prix: Titled Tuesday Blitz"]
[Site "Chess.com"]
[Date "2020.08.25"]
[Round "6"]
[White "tylityli"]
[Black "guillembaches"]
[Result "0-1"]
[WhiteElo "2200"]
[BlackElo "2416"]
[TimeControl "180+1"]
[EndTime "11:08:46 PDT"]
[Termination "guillembaches won by resignation"]

1. d4 Nf6 2. c4 e6 3. Nc3 Bb4 4. e3 d5 5. Ne2 c6 6. a3 Ba5 7. b4 Bc7 8. Ng3 O-O 9. f4 a5 10. Bb2 axb4 11. axb4 Rxa1 12. Bxa1 dxc4 13. Bxc4 b5 14. Bd3 Bd6 15. Qb3 Qe7 16. Na2 Nd5 17. O-O f5 18. Be2 Na6 19. Rb1 Naxb4 20. Nxb4 Bxb4 21.
Bb2 Bd7 22. Ra1 Be8 23. Ra6 g5 24. Bc1 gxf4 25. exf4 Bd6 26. Qf3 Qg7 27. Qf2 Kh8 28.
Nh5 Qh6 29. Qh4 Be7 30. Qh3 Nf6 31. Ra7 Bd8 32. Ra8 Bxh5 33. Ba3 Rg8 34. Rxd8 Rxd8 35. Be7 Rxd4 36. Bxf6+ Qxf6 37. Qxh5 Kg7 38. h3 Rxf4 39. Bf3 Rxf3 40. gxf3 Qg6+ 41. Qxg6+ hxg6 0-1